cohdb
Replays
Latest Replays
All Replays
Popular Replays
Top Player Replays
Match Explorer
How It Works
Community
CoH3 Stats
Reddit
Sign in to upload your games and track your stats! →
Sign in with Steam
Match 43742416
Unlisted
Match 43742416
Overview
Messages
Build Orders
End
Panzergrenadier Squad
Panzergrenadier Squad
Selects Armored Support Battlegroup
Panzergrenadier Squad
Construct Light Support Kompanie
2.5-tonne Medical Truck
Fire Support Elements
Veteran Squad Leaders
Selects Superior Fire Drills
Construct Panzerarmee Kommand
Vehicle Survival Package
Emergency Repair Kits
Rapid Advance
Pak 38 Mechanized Group
Ande
Jamoro
QuantumLove
유파_Yupa
anioki
Reiska
0
0
Comments
sign in to comment!
No comments posted yet!